 Dungeon Crawl Stone Soup version 0.24-a0-347-g1a3e1d35ff (webtiles) character file.

Game seed: 4211408124684997416

73 Lanoc the Chopper (level 4, -11/30 HPs)
             Began as an Octopode Gladiator on May 22, 2019.
             Killed by divine providence
             ... invoked by an orc priest
              (12 damage)
             ... on level 3 of the Dungeon.
             The game lasted 00:02:34 (1590 turns).

Lanoc the Chopper (Octopode Gladiator)              Turns: 1590, Time: 00:02:35

Health: -11/30     AC:  1    Str: 13    XL:     4   Next: 27%
Magic:  4/4        EV: 14    Int: 10    God:
Gold:   62         SH:  4    Dex: 14    Spells: 3/3 levels left

rFire    . . .     SeeInvis .   a - +0 war axe
rCold    . . .     Gourm    .   l - +0 buckler
rNeg     . . .     Faith    .   b - +0 hat
rPois    .         Spirit   .   (no amulet)
rElec    .         Reflect  .   o - ring of wizardry
rCorr    .         Harm     .   (no ring)
MR       .....                  (no ring)
Stlth    ++........             (no ring)
HPRegen  0.10/turn              (no ring)
MPRegen  0.09/turn              (no ring)
                                (no ring)
                                (no ring)

@: no status effects
A: almost no armour, stealthy swim, amphibious, 8 rings, constrict 8, camouflage
1, gelatinous body 1
a: no special abilities


You were on level 3 of the Dungeon.
You were not hungry.

You visited 1 branch of the dungeon, and saw 3 of its levels.

You collected 62 gold pieces.

Inventory:

Hand Weapons
 a - a +0 war axe (weapon)
Missiles
 c - 3 throwing nets (quivered)
Armour
 b - a +0 hat (worn)
 l - a +0 buckler (worn)
Jewellery
 o - a ring of wizardry (left tentacle)
Scrolls
 e - 2 scrolls of noise {unknown}
 f - a scroll of remove curse {unknown}
 h - a scroll of teleportation {unknown}
 i - 3 scrolls of random uselessness {unknown}
 k - a scroll of immolation
 n - a scroll of magic mapping {unknown}
 p - a scroll of amnesia {unknown}
 q - a scroll of enchant armour {unknown}
 r - a scroll of identify
Potions
 g - 4 potions of heal wounds
 j - a potion of flight
 m - a potion of curing
Comestibles
 d - 4 rations


   Skills:
 + Level 2.6 Fighting
 * Level 4.0 Axes
 - Level 2.0 Throwing
 + Level 3.4 Dodging
 + Level 1.0 Shields


You had 3 spell levels left.
You didn't know any spells.
Your spell library was empty.

Dungeon Overview and Level Annotations

Branches:
Dungeon (3/15)

Altars:
Fedhas
Gozag
Zin


Innate Abilities, Weirdness & Mutations

You cannot wear most types of armour.
You are very stealthy in the water. (Stealth+)
You are amphibious.
You can wear up to eight rings at the same time.
You can use your tentacles to constrict eight enemies at once.
Your skin changes colour to match your surroundings (Stealth+).
Your rubbery body absorbs attacks. (AC +1, EV +1)


Message History

The orc barely misses you.
You slash the orc!
You kill the orc!
The orc priest invokes the aid of Beogh against you.
Beogh smites you!
You closely miss the orc priest. You grab the orc priest.
You constrict the orc priest. The orc priest misses you.
You hit the orc priest. You squeeze the orc priest.
The orc priest is moderately wounded.
You constrict the orc priest.
The orc priest hits you with a +2 trident of protection!
You are too injured to fight recklessly!
You hit the orc priest.
The orc priest is severely wounded.
You constrict the orc priest, but do no damage.
The orc priest hits you with a +2 trident of protection!
* * * LOW HITPOINT WARNING * * *
The orc priest mumbles some strange prayers to Beogh against you.
Beogh smites you!
You die...

######......#
#...........##
#.............
#.............
#......[....#
#........#
#......#.#
#...o..# #
#[..@..#.#..#
#......[..<.#
#..)<..#.#.##
##+#+#.....#
#.#.### #.#...
... ... .#
...# .# #.#


You could see an orc priest.

Vanquished Creatures
  An adder (D:2)
  2 oozes (D:2)
  2 worms (D:2)
  3 dart slugs
  A leopard gecko (D:1)
  2 orcs
  2 giant cockroaches (D:1)
  7 goblins
  4 hobgoblins
  2 quokkas (D:2)
  4 bats
  3 frilled lizards
  3 kobolds
  5 rats
41 creatures vanquished.

Notes
Turn   | Place    | Note
-------+----------+-------------------------------------------
     0 | D:1      | Lanoc the Octopode Gladiator began the quest for the Orb.
     0 | D:1      | Reached XP level 1. HP: 14/14 MP: 1/1
   365 | D:1      | Reached XP level 2. HP: 19/19 MP: 2/2
   724 | D:2      | Found a glowing silver altar of Zin.
   805 | D:2      | Reached XP level 3. HP: 25/25 MP: 3/3
   839 | D:2      | HP: 1/25 [dart slug/slug dart (6)]
  1394 | D:2      | Reached XP level 4. HP: 27/30 MP: 4/4
  1463 | D:2      | Reached skill level 4 in Axes
  1513 | D:2      | Found a blossoming altar of Fedhas.
  1526 | D:2      | Found an opulent altar of Gozag.
  1579 | D:2      | Reached skill level 1 in Shields
  1590 | D:3      | HP: 1/30 [orc priest/+2 trident of protection (10)]
  1590 | D:3      | Killed from afar by an orc priest

Levels and vault maps discovered:
D:1:      giann_horns, layout_rooms
D:2:      layout_basic, zin_scriptorium, amethyst_overflow_temple_binary
D:3:      layout_basic, elyvilon_altar_1, lemuel_round_altar, item_on_display_a

Skill      XL: |  1  2  3  4 |
---------------+-------------+-----
Axes           | 4 |  4.0
Shields        | 1 |  1.0
Fighting       | |  2.6
Throwing       | |  2.0
Dodging        | |  3.4

Action                   |  1- 3 |  4- 6 || total
-------------------------+-------+-------++-------
Melee: War axe           |    64 |    14 ||    78
       Constrict         |    18 |     3 ||    21
       Tentacles         |    12 |     3 ||    15
  Use: Scroll            |     4 |       ||     4
 Stab: Sleeping          |     7 |     2 ||     9
  Eat: Chunk             |     2 |       ||     2
Armor: Skin              |     2 |     1 ||     3
Dodge: Dodged            |    29 |     8 ||    37
Block: Buckler           |     7 |     1 ||     8

Table legend:
 A = Non-vault XP
 B = Vault XP
 C = Vault XP percentage of total XP
 D = Non-vault monster count
 E = Vault monster count
 F = Vault count percentage of total count
                 A         B        C        D         E       F
            +---------+---------+-------+---------+---------+-------
      Total |     105 |       0 |   0.0 |      41 |       0 |   0.0
            +---------+---------+-------+---------+---------+-------
        D:1 |      29 |       0 |   0.0 |      15 |       0 |   0.0
        D:2 |      71 |       0 |   0.0 |      24 |       0 |   0.0
        D:3 |       5 |       0 |   0.0 |       2 |       0 |   0.0
            +---------+---------+-------+---------+---------+-------
